 Dungeon Crawl Stone Soup version 0.31-a0-180-g519b7de00c (webtiles) character file.

Game seed: 8527013781357760594

748 qw the Chopper (level 7, 0/43 HPs)
             Began as a Gargoyle Fighter on June 19, 2023.
             Slain by a gnoll
             ... wielding a +0 spear
              (5 damage)
             ... on level 5 of the Dungeon.
             The game lasted 00:02:03 (4055 turns).

qw the Chopper (Gargoyle Fighter)                   Turns: 4055, Time: 00:02:03

Health: 0/43       AC: 16    Str: 21    XL:     7   Next: 77%
Magic:  7/7        EV:  7    Int:  9    God:
Gold:   311        SH:  0    Dex:  9    Spells: 6/6 levels left

rFire   + . .        Y - +3 war axe
rCold   . . .        t - +0 kite shield
rNeg    + . .        e - +0 chain mail
rPois   inf          (no helmet)
rElec   +            i - +1 cloak
rCorr   +            (no gloves)
SInv    .            (no boots)
Will    .....        (no amulet) Stlth
                     n - ring of protection from fire
HPRegen 0.27/turn    p - ring of resist corrosion
MPRegen 0.10/turn

%: no passive effects
@: confused
A: sickness immunity, AC +4, negative energy resistance 1, electricity
resistance, torment resistance 1, petrification resistance
a: no special abilities


You were on level 5 of the Dungeon.
You visited 1 branch of the dungeon, and saw 5 of its levels.

You collected 311 gold pieces.


Innate Abilities, Weirdness & Mutations

You are immune to sickness and miasma.
Your stone body is resilient. (AC +4)
You are immune to poison.
You resist negative energy. (rN+)
You are resistant to electric shocks. (rElec)
You are resistant to unholy torment.
You are immune to petrification.


   Skills:
 - Level 4.2 Fighting
 - Level 6.0 Axes
 - Level 3.2 Armour
 + Level 0.5 Dodging
 - Level 6.0 Shields


You had 6 spell levels left.
You didn't know any spells.
Your spell library was empty.

Inventory:

Hand Weapons
 a - a +0 flail
 Y - a +3 war axe (weapon)
Armour
 e - a +0 chain mail (worn)
 i - a +1 cloak (worn)
 t - a +0 kite shield (worn)
Jewellery
 n - a ring of protection from fire (left hand)
 p - a ring of resist corrosion (right hand)
Scrolls
 c - a scroll of fear {unknown}
 k - a scroll of identify
 o - a scroll of teleportation
Potions
 b - a potion of heal wounds {unknown}
 d - a potion of might
 f - a potion of invisibility {unknown}
 g - 4 potions of lignification
 h - a potion of experience {unknown}
 j - a potion of haste {unknown}
 m - a potion of attraction {unknown}

Dungeon Overview and Level Annotations

Branches:
Dungeon (5/15)
 Temple: D:4-7

Altars:

Shops:
D:1 [


Message History

You kill the gnoll!
You barely miss something. You block the gnoll bouda's attack.
The gnoll sergeant closely misses you. You block something's attack.
The gnoll hits you from afar with a +0 spear.
The gnoll sergeant hits you but does no damage.
Something hits you but does no damage. The gnoll hits you but does no damage.
The gnoll bouda hits you but does no damage.
You barely miss the gnoll bouda.
The gnoll bouda is moderately wounded.
You hit something.
The gnoll bouda hits you with a +0 club.
You hear some strange, mumbled words.
A puff of flame appears from out of thin air!
The puff of flame misses you.
The gnoll sergeant hits you but does no damage.
The gnoll hits you but does no damage.
You closely miss the gnoll bouda.
The gnoll bouda is moderately wounded.
You hit something but do no damage. You block the gnoll bouda's attack.
The orc priest mumbles some strange prayers to Beogh against you.
You struggle to resist.
Something hits you but does no damage. The gnoll sergeant closely misses you.
The gnoll completely misses you.
You completely miss the gnoll bouda.
The gnoll bouda is moderately wounded.
You hit something but do no damage.
The gnoll bouda hits you with a +0 club.
The gnoll sergeant hits you but does no damage.
You block something's attack. The gnoll barely misses you.
The gnoll hits you but does no damage.
You hear some strange, mumbled words.
You are confused.
The gnoll bouda hits you with a +0 club.
The gnoll sergeant hits you but does no damage.
Something hits you but does no damage.
The gnoll bouda hits you with a +0 club!
The gnoll sergeant hits you from afar with a +0 spear.
The gnoll hits you from afar with a +0 spear.
You die...

~~~~....~~~~~~~~~~~~#####
....................#gg.#
####''''#############...#
#....# ### #....# #...)#
#....#######'
#...)#)g.....
+....@o......
+....g{......
#8..8#.g.....
#############


You could see a gnoll sergeant (swift), a gnoll bouda, an orc priest and a gnoll
(swift).

Vanquished Creatures
  Edmund (D:4)
  A gnoll sergeant (D:3)
  A scorpion (D:4)
  A howler monkey (D:4)
  A jelly (D:4)
  4 orc priests
  A hound (D:5)
  A sleepcap (D:4)
  Ijyb (D:5)
  11 gnolls
  2 adders (D:4)
  2 dart slugs
  17 orcs
  5 ball pythons
  6 endoplasms
  4 giant cockroaches
  9 goblins
  11 hobgoblins
  6 jackals (D:5)
  7 kobolds
  5 quokkas
  6 bats
  2 frilled lizards (D:2)
  5 rats
110 creatures vanquished.

Notes
Turn   | Place    | Note
-------+----------+-------------------------------------------
     0 | D:1      | qw the Gargoyle Fighter began the quest for the Orb.
     0 | D:1      | Reached XP level 1. HP: 14/14 MP: 1/1
     0 | D:1      | 0 ||| qw: Version: 0.3-a-7-ge0c9b40
     0 | D:1      | 0 ||| qw: Game counter: 1101
     0 | D:1      | 0 ||| qw: Always use a shield: true
     0 | D:1      | 0 ||| qw: God list: Okawaru
     0 | D:1      | 0 ||| qw: Allow faded altars: false
     0 | D:1      | 0 ||| qw: Do Orc after D:15 true
     0 | D:1      | 0 ||| qw: Do second Lair branch before Depths: true
     0 | D:1      | 0 ||| qw: Lair rune preference: random
     0 | D:1      | 0 ||| qw: Plans: Normal, Zot:1-4, Slime:5, God:TSO, Crypt,
                  | Tomb, Abyss, Pan, Hells, Win
     0 | D:1      | 0 ||| PLANNING D:1-11
    75 | D:1      | 75 ||| Stepping ~*~*~tactically~*~*~ (hiding).
   226 | D:1      | Reached XP level 2. HP: 19/19 MP: 2/2
   500 | D:1      | Reached skill level 3 in Axes
   503 | D:1      | 503 ||| Stepping ~*~*~tactically~*~*~ (stealth).
   506 | D:1      | 506 ||| Stepping ~*~*~tactically~*~*~ (stealth).
   507 | D:1      | 507 ||| Stepping ~*~*~tactically~*~*~ (stealth).
   594 | D:1      | 594 ||| Stepping ~*~*~tactically~*~*~ (hiding).
   595 | D:1      | 595 ||| Stepping ~*~*~tactically~*~*~ (hiding).
   607 | D:1      | Reached XP level 3. HP: 23/23 MP: 3/3
   639 | D:1      | Found Loced's Armour Shop.
   646 | D:1      | 646 ||| SHOPLISTING +0 gold dragon scales (880 gold, have
                  | 61).
   646 | D:1      | 646 ||| SHOPLISTING +1 helmet "Xuar" {rF+} (258 gold, have
                  | 61).
   774 | D:1      | 774 ||| UPGRADING to +0 chain mail.
   784 | D:1      | 784 ||| DROPPING +0 scale mail.
   785 | D:1      | 785 ||| UPGRADING to ring of protection from fire.
   786 | D:1      | 786 ||| READING scroll labelled TUG VIACVONKEN.
   787 | D:1      | 787 ||| READING scroll labelled RUCKISADUSS.
   788 | D:1      | 788 ||| READING scroll labelled GOOLUKL TISEH.
   791 | D:1      | 791 ||| DRINKING 3 fuming sapphire potions.
   945 | D:2      | 945 ||| DROPPING +0 club.
  1036 | D:2      | 1036 ||| Stepping ~*~*~tactically~*~*~ (hiding).
  1473 | D:2      | 1473 ||| Stepping ~*~*~tactically~*~*~ (hiding).
  1474 | D:2      | 1474 ||| Stepping ~*~*~tactically~*~*~ (hiding).
  1504 | D:2      | 1504 ||| Stepping ~*~*~tactically~*~*~ (stealth).
  1513 | D:2      | Reached XP level 4. HP: 9/28 MP: 4/4
  1768 | D:2      | 1768 ||| UPGRADING to +0 cloak.
  1773 | D:2      | 1773 ||| UPGRADING to ring of resist corrosion.
  1774 | D:2      | 1774 ||| READING scroll labelled KOQASM ORAQU.
  1775 | D:2      | 1775 ||| DRINKING 2 blue potions.
  1776 | D:2      | 1776 ||| DROPPING potion of brilliance.
  1902 | D:3      | 1902 ||| Stepping ~*~*~tactically~*~*~ (stealth).
  1917 | D:3      | 1917 ||| Stepping ~*~*~tactically~*~*~ (hiding).
  2097 | D:3      | Reached XP level 5. HP: 16/32 MP: 5/5
  2242 | D:3      | 2242 ||| Stepping ~*~*~tactically~*~*~ (stealth).
  2244 | D:3      | 2244 ||| Stepping ~*~*~tactically~*~*~ (stealth).
  2245 | D:3      | 2245 ||| Stepping ~*~*~tactically~*~*~ (stealth).
  2246 | D:3      | 2246 ||| Stepping ~*~*~tactically~*~*~ (stealth).
  2261 | D:3      | 2261 ||| Stepping ~*~*~tactically~*~*~ (stealth).
  2270 | D:3      | 2270 ||| Stepping ~*~*~tactically~*~*~ (stealth).
  2424 | D:3      | Reached XP level 6. HP: 23/38 MP: 6/6
  2893 | D:3      | 2893 ||| UPGRADING to +0 kite shield.
  2903 | D:3      | 2903 ||| DROPPING +0 buckler.
  2904 | D:3      | 2904 ||| DROPPING ring of wizardry.
  2905 | D:3      | 2905 ||| READING scroll labelled TUCAEC YLEGHUPP.
  3006 | D:3      | 3006 ||| READING scroll labelled ZIRHOA CEAPPOCEHIX.
  3036 | D:3      | 3036 ||| READING scroll labelled RACHAN QEPOBER.
  3037 | D:3      | 3037 ||| READING scroll labelled HIYRPH IGUMP.
  3038 | D:3      | 3038 ||| READING 2 scrolls labelled FATSAG TIWIRCH.
  3039 | D:3      | 3039 ||| READING scroll of enchant weapon.
  3039 | D:3      | 3039 ||| ENCHANTING +1 war axe.
  3148 | D:4      | Reached XP level 7. HP: 20/43 MP: 7/7
  3153 | D:4      | 3153 ||| FLEEEEING.
  3154 | D:4      | 3154 ||| FLEEEEING.
  3155 | D:4      | 3155 ||| FLEEEEING.
  3319 | D:4      | 3319 ||| READING scroll of enchant armour.
  3319 | D:4      | 3319 ||| ENCHANTING +0 cloak.
  3668 | D:4      | 3668 ||| READING 2 scrolls labelled GIUGAS ULAUCS.
  3669 | D:4      | 3669 ||| READING scroll labelled BITIEG KEEHUH.
  3670 | D:4      | 3670 ||| DRINKING 2 brown potions.
  3680 | D:4      | 3680 ||| DROPPING scroll of immolation.
  3681 | D:4      | 3681 ||| DROPPING potion of ambrosia.
  3715 | D:5      | Entered Level 5 of the Dungeon
  3734 | D:5      | 3734 ||| FLEEEEING.
  3735 | D:5      | 3735 ||| FLEEEEING.
  3735 | D:5      | Noticed Edmund
  3736 | D:5      | 3736 ||| STAIRDANCE
  3788 | D:5      | 3788 ||| STAIRDANCE
  3804 | D:4      | Killed Edmund
  3805 | D:4      | Reached skill level 6 in Axes
  4021 | D:5      | 4021 ||| READING scroll of enchant weapon.
  4021 | D:5      | 4021 ||| ENCHANTING +2 war axe.
  4029 | D:5      | Noticed Ijyb
  4037 | D:5      | Killed Ijyb
  4038 | D:5      | Reached skill level 6 in Shields
  4055 | D:5      | HP: 7/43 [gnoll bouda/+0 club (7)]
  4055 | D:5      | Slain by a gnoll

Levels and vault maps discovered:
D:1:      minmay_arrival_hallway, layout_loops_cross, serial_shops, shop
D:2:      layout_basic, nicolae_kite_square_tiling_tiny
D:3:      layout_basic, st_stairs_2
D:4:      layout_cave_pools, chequers_serial_rivers_large_b
D:5:      lemuel_castle_with_subvaults [lemuel_castle_interior_carwin_2],
          layout_rooms, minivault_1, nicolae_stop_n_shop_1, uniq_edmund,
          uniq_menkaure, uniq_blork_the_orc, uniq_grinder, uniq_ijyb

Skill      XL: |  1  2  3  4  5  6  7 |
---------------+----------------------+-----
Axes           | 2 3 4 5 6 |  6.0
Fighting       | 4 |  4.2
Shields        | 5 6 |  6.0
Armour         | |  3.2
Dodging        | |  0.5

Action                     |  1- 3 |  4- 6 |  7- 9 || total
---------------------------+-------+-------+-------++-------
  Melee: War axe           |    87 |   160 |    64 ||   311
    Use: Scroll            |     3 |     7 |     4 ||    14
         Potion            |     1 |     1 |     1 ||     3
 Armour: Scale mail        |    16 |       |       ||    16
         Chain mail        |    20 |   105 |    51 ||   176
  Dodge: Dodged            |    33 |    54 |    19 ||   106
  Block: Buckler           |    12 |    21 |       ||    33
         Kite shield       |       |    25 |    35 ||    60

Table legend:
 A = Non-vault XP
 B = Vault XP
 C = Vault XP percentage of total XP
 D = Non-vault monster count
 E = Vault monster count
 F = Vault count percentage of total count
                 A         B        C        D         E       F
            +---------+---------+-------+---------+---------+-------
      Total |     821 |     248 |  23.2 |      98 |      12 |  10.9
            +---------+---------+-------+---------+---------+-------
        D:1 |      43 |       0 |   0.0 |      23 |       0 |   0.0
        D:2 |      74 |       0 |   0.0 |      23 |       0 |   0.0
        D:3 |     264 |       3 |   1.1 |      26 |       2 |   7.1
        D:4 |     291 |     169 |  36.7 |      13 |       2 |  13.3
        D:5 |     149 |      76 |  33.8 |      13 |       8 |  38.1
            +---------+---------+-------+---------+---------+-------
